 Seeded DCSS version 0.30.1-4-g462c640d31 (webtiles) character file.

Game seed: 6351066067085065685 (custom seed)

30 Esekla the Grave Robber (level 3, -1/19 HPs)
             Began as a Deep Elf Necromancer on Sept 2, 2023.
             Was an Initiate of Vehumet.
             Slain by an orc
             ... wielding a +0 hand axe
              (3 damage)
             ... on level 4 of the Dungeon.
             The game lasted 00:07:25 (1285 turns).

Esekla the Grave Robber (Deep Elf Necromancer)      Turns: 1285, Time: 00:07:26

Health: -1/19      AC:  4    Str:  5    XL:     3   Next: 5%
Magic:  9/9        EV: 13    Int: 21    God:    Vehumet [......]
Gold:   136        SH:  0    Dex: 15    Spells: 7/8 levels left

rFire   . . .        l - +1 short sword (freeze)
rCold   . . .        (no shield)
rNeg    . . .        a - +0 robe
rPois   .            j - +0 helmet
rElec   .            (no cloak)
rCorr   .            c - +0 pair of gloves
SInv    .            (no boots)
Will    .....        (no amulet)
Stlth   ++           (no ring)
HPRegen 0.23/turn    (no ring)
MPRegen 0.11/turn

%: no passive effects
@: no status effects
A: no striking features
a: Renounce Religion


You were on level 4 of the Dungeon.
You worshipped Vehumet.
Vehumet was noncommittal.
You visited 1 branch of the dungeon, and saw 5 of its levels.

You collected 136 gold pieces.

Inventory:

Hand Weapons
 l - a +1 short sword of freezing (weapon)
Armour
 a - a +0 robe (worn)
 c - a +0 pair of gloves (worn)
 j - a +0 helmet (worn)
Wands
 o - a wand of flame (13)
Scrolls
 f - 3 scrolls of identify {unknown}
 m - a scroll of amnesia {unknown}
 n - 2 scrolls of enchant weapon {unknown}
 p - a scroll of fear
 q - a scroll of summoning {unknown}
Potions
 b - a potion of magic
 d - a potion of ambrosia {unknown}
 e - 2 potions of attraction {unknown}
 g - a potion of heal wounds {unknown}
 h - a potion of haste {unknown}
 i - a potion of curing {unknown}
 k - a potion of mutation {unknown}


   Skills:
 * Level 0.7 Short Blades
 * Level 3.1 Dodging
 + Level 2.8 Stealth
 * Level 3.3 Spellcasting
 + Level 5.2 Necromancy


You had 7 spell levels left.
You knew the following spells:

 Your Spells              Type           Power      Damage    Failure   Level
a - Necrotise             Necr           100%       1d9       1%          1

Your spell library contained the following spells:

 Spells                   Type           Power      Damage    Failure   Level
 Vampiric Draining        Necr           25%        2d7       4%          3
 Animate Dead             Necr           25%        N/A       16%         4
 Agony                    Necr           25%        N/A       38%         5


Dungeon Overview and Level Annotations

Branches:
Dungeon (5/15)
 Temple: D:4-7

Altars:
Okawaru
Vehumet
Zin
The Shining One

Shops:
D:2 =   D:4 (


Message History

The adder barely misses you.
You closely miss the adder.
The adder is severely wounded.
You barely miss the adder.
The adder is severely wounded.
The adder bites you but does no damage.
You hit the adder. You freeze the adder.
You kill the adder!
Vehumet accepts your kill.
Your Dodging skill increases to level 3!
You have reached level 3!
Your experience leads to an increase in your attributes!
Increase (S)trength, (I)ntelligence, or (D)exterity?
You feel clever. x2
You now have 136 gold pieces (gained 13).
The orc shouts!
You hear a shout!
An orc comes into view. It is wielding a +0 hand axe.
You barely miss the orc. The orc barely misses you.
You hit the orc. You freeze the orc.
The orc is moderately wounded.
The orc hits you but does no damage.
You hit the orc. You freeze the orc.
You kill the orc!
Vehumet accepts your kill.
Found a scroll labelled OPUZOUSOET.
An orc comes into view. It is wielding a +0 trident.
The orc shouts!
The orc completely misses you. The orc attacks as you move away!
The orc barely misses you.
There is an open door here.
The orc attacks as you move away! The orc hits you with a +0 hand axe.
There is an open door here.
The orc attacks as you move away! The orc barely misses you.
You hit the orc but do no damage. The orc hits you with a +0 hand axe.
You barely miss the orc. The orc hits you with a +0 hand axe.
You hit the orc but do no damage. The orc hits you with a +0 hand axe.
You closely miss the orc. The orc hits you with a +0 hand axe.
* * * LOW HITPOINT WARNING * * *
You hit the orc but do no damage. The orc hits you with a +0 hand axe.
You die...

...........................
.......o.#####.............
......#.'#.#.#'....##......
......###..#.)##...##......
........... #.._#_..#....#......
.......... #########....+......
........ #.._#_..#....#......
.....####+#####o.#..##...........
............o.'#@#.#'..#......#..
..........###..#####...#.........
..........###..........#.........
........#.##................#....
....#####.##........g.##....#.#+#
.......##.............##....#.#.#
###...)##.......................#
.#....o.......................#..
.#>.......<......................


You could see an orc.

Vanquished Creatures
  2 adders
  An orc (D:4)
  An endoplasm (D:3)
  A goblin (D:3)
  2 hobgoblins
  2 bats (D:3)
  A frilled lizard (D:3)
  3 kobolds
13 creatures vanquished.

Notes
Turn   | Place    | Note
-------+----------+-------------------------------------------
     0 | D:1      | Esekla the Deep Elf Necromancer began the quest for the
                  | Orb.
     0 | D:1      | Reached XP level 1. HP: 10/10 MP: 6/6
   217 | D:2      | Found Renulab's Jewellery Shop.
   394 | D:2      | Noticed a black bear
   540 | D:4      | Found a radiant altar of Vehumet.
   555 | D:4      | Found an iron altar of Okawaru.
   566 | D:4      | Found a glowing silver altar of Zin.
   645 | D:4      | Became a worshipper of Vehumet
   730 | D:4      | Found a glowing golden altar of the Shining One.
   749 | D:4      | Noticed a gnoll bouda
   881 | D:3      | Reached skill level 5 in Necromancy
   931 | D:3      | Reached XP level 2. HP: 15/15 MP: 8/8
   982 | D:4      | Found Ponaysk's Antique Weapon Boutique.
  1088 | D:5      | Entered Level 5 of the Dungeon
  1244 | D:4      | Reached XP level 3. HP: 17/19 MP: 9/9
  1285 | D:4      | Slain by an orc

Illustrated notes

Levels and vault maps discovered:
D:1:      sevenhm_arrival_forest_fort_small_3, layout_rooms,
          chequers_serial_rivers_room_b, minmay_misc_feat_five
D:2:      layout_loops_ring, dreamdust_ecumenical_altar_angels_and_demons,
          serial_shops, shop
D:3:      layout_basic, grunt_temple_overflow_open, minmay_misc_feat_iff
D:4:      layout_basic, nicolae_overflow_quartered_altars, serial_shops,
          nicolae_diamond_shop
D:5:      layout_loops_ring, lemuel_doored_altar, minmay_misc_feat_rows,
          dreamdust_wishing_well

Skill      XL: |  1  2 |
---------------+-------+-----
Necromancy     | 5 |  5.2
Dodging        | 3 |  3.1
Short Blades   | |  0.7
Stealth        | |  2.8
Spellcasting   | |  3.3

Action                     || total
---------------------------++-------
  Melee: Short sword       ||    56
         Unarmed           ||     9
  Evoke: Wand              ||     2
    Use: Scroll            ||     1
   Stab: Sleeping          ||     2
 Armour: Robe              ||    24
  Dodge: Dodged            ||    56
